 Dungeon Crawl Stone Soup version 0.31.0-12-g77e489cdc1 (webtiles) character file.

Game seed: 18440335017257578386

58 Gadfly the Apothecary (level 3, -1/20 HPs)
             Began as a Deep Elf Alchemist on Feb 22, 2024.
             Slain by an orc priest
             ... wielding a +0 dagger
              (2 damage)
             ... on level 3 of the Dungeon.
             The game lasted 00:03:48 (2108 turns).

Gadfly the Apothecary (Deep Elf Alchemist)          Turns: 2108, Time: 00:03:49

Health: -1/20      AC:  2    Str:  5    XL:     3   Next: 76%
Magic:  7/10       EV: 13    Int: 21    God:
Gold:   224        SH:  0    Dex: 15    Spells: 6/9 levels left

rFire   . . .        c - +0 quarterstaff
rCold   . . .        (shield currently unavailable)
rNeg    . . .        a - +0 robe
rPois   .            (no helmet)
rElec   .            (no cloak)
rCorr   .            (no gloves)
SInv    .            (no boots)
Will    .....        (no amulet)
Stlth   ++           (no ring)
HPRegen 0.23/turn    (no ring)
MPRegen 0.12/turn

%: no passive effects
@: no status effects
A: no striking features
a: no special abilities


You were on level 3 of the Dungeon.
You visited 1 branch of the dungeon, and saw 3 of its levels.

You collected 224 gold pieces.

Inventory:

Hand Weapons
 c - a +0 quarterstaff (weapon)
Armour
 a - a +0 robe (worn)
Potions
 b - a potion of magic
 d - a potion of mutation {unknown}
 f - a potion of heal wounds


   Skills:
 + Level 1.0 Fighting
 + Level 3.0 Dodging
 - Level 2.4 Stealth
 + Level 3.5 Spellcasting
 + Level 1.7 Conjurations
 + Level 1.0 Fire Magic
 + Level 3.5 Alchemy
 + Level 0.9 Evocations


You had 6 spell levels left.
You knew the following spells:

 Your Spells              Type           Power      Damage    Failure   Level
a - Sting                 Conj/Alch      56%        1d6       4%          1
b - Mercury Vapours       Alch/Air       22%        N/A       9%          2

Your spell library contained the following spells:

 Spells                   Type           Power      Damage    Failure   Level
 Mephitic Cloud           Conj/Alch/Air  11%        N/A       19%         3
 Olgreb's Toxic Radiance  Alch           18%        N/A       28%         4
 Sticky Flame             Fire/Alch      13%        2d5       43%         4


Dungeon Overview and Level Annotations

Branches:
Dungeon (3/15)

Altars:


Message History

No target in view!
No target in view!
No target in view!
No target in view!
No target in view!
No target in view!
No target in view!
No target in view!
No target in view!
Magic restored.
Key pressed, stopping explore.
HP restored.
Done exploring.
Done exploring.
There is a stone staircase leading down here.
You climb downwards.
The orc priest looks encouraged for a moment.
There is a stone staircase leading up here.
An orc priest is nearby!
An orc priest is nearby!
An orc priest is nearby!
The sting hits the orc priest but does no damage.
The orc priest is poisoned.
The orc priest hits you with a +0 dagger.
The sting hits the orc priest but does no damage.
The orc priest looks even sicker.
The orc priest hits you with a +0 dagger.
The sting hits the orc priest.
The orc priest looks even sicker.
The orc priest is heavily wounded.
The orc priest calls down the wrath of Beogh upon you.
Pain shoots through your body!
Ouch! That really hurt!
* * * LOW HITPOINT WARNING * * *
You are too injured to fight recklessly!
You are too injured to fight recklessly!
Unknown command.
You closely miss the orc priest.
The orc priest is heavily wounded.
The orc priest hits you with a +0 dagger.
You die...

.#.##.###b####.#
.#.##.###g####.#.
.................
##..###.#..#.##.
#...b)###....
######.#.##.##
##...###..
.######.o...# #.#
#......@....# .#
.######.....#
#....## #.#.##
#.##. ..# #. ###
.# #


You could see an orc priest (very poisoned).

Vanquished Creatures
  An adder (D:2)
  A dart slug (D:1)
  4 orcs
  6 ball pythons
  4 endoplasms
  2 giant cockroaches (D:2)
  2 goblins
  A quokka (D:1)
  9 bats
  2 frilled lizards (D:1)
  5 kobolds
  5 rats
42 creatures vanquished.

Notes
Turn   | Place    | Note
-------+----------+-------------------------------------------
     0 | D:1      | Gadfly the Deep Elf Alchemist began the quest for the Orb.
     0 | D:1      | Reached XP level 1. HP: 10/10 MP: 6/6
   397 | D:1      | Reached XP level 2. HP: 15/15 MP: 5/8
   477 | D:1      | Learned a level 2 spell: Mercury Vapours
  1446 | D:2      | Reached XP level 3. HP: 18/20 MP: 5/9
  1971 | D:3      | Reached skill level 1 in Fire Magic
  2064 | D:2      | Reached skill level 1 in Fighting
  2107 | D:3      | HP: 1/20 [orc priest/nerve-wracking pain (11)]
  2108 | D:3      | Slain by an orc priest

Illustrated notes

Levels and vault maps discovered:
D:1:      sevenhm_arrival_forest_fort_small_5, layout_loops_ring, minmay_3d_cube
D:2:      minmay_angry_zag, layout_rooms, minmay_bisected
D:3:      kennysheep_big_flooded_room, layout_loops_ring,
          kennysheep_vampire_church, minmay_diced_spiral, uniq_sigmund,
          uniq_natasha, uniq_robin, uniq_pargi

Skill      XL: |  1  2  3 |
---------------+----------+-----
Dodging        | 3 |  3.0
Fire Magic     | 1 |  1.0
Fighting       | 1 |  1.0
Stealth        | |  2.4
Spellcasting   | |  3.5
Conjurations   | |  1.7
Alchemy        | |  3.5
Evocations     | |  0.9

Action                     || total
---------------------------++-------
  Melee: Unarmed           ||     3
         Quarterstaff      ||    44
   Cast: Sting             ||    51
         Mercury Vapours   ||     1
    Use: Scroll            ||     4
   Stab: Sleeping          ||     3
 Armour: Robe              ||    44
  Dodge: Dodged            ||    69
